 Dungeon Crawl Stone Soup version 0.27-a0-1071-ga85bd9520d (webtiles) character file.

Game seed: 4349013915844191751

105 HoaS the Shield-Bearer (level 5, -1/41 HPs)
             Began as a Formicid Fighter on Apr 24, 2021.
             Killed from afar by Sigmund (2 damage)
             ... with a magic dart
             ... on level 3 of the Dungeon.
             The game lasted 00:04:19 (2332 turns).

HoaS the Shield-Bearer (Formicid Fighter)           Turns: 2332, Time: 00:04:19

Health: -1/41      AC:  8    Str: 20    XL:     5   Next: 8%
Magic:  5/5        EV:  8    Int:  8    God:
Gold:   82         SH:  9    Dex: 11    Spells: 4/4 levels left

rFire    . . .     SeeInvis +   a - +0 quarterstaff
rCold    . . .     Faith    .   c - +0 kite shield
rNeg     . . .     Spirit   .   b - +0 scale mail
rPois    .         Reflect  .   (helmet unavailable)
rElec    .         Harm     .   e - +0 cloak
rCorr    .         Rampage  .   (no gloves)
Will     .....                  (no boots)
Stlth    ..........             (no amulet)
HPRegen  0.13/turn              (no ring)
MPRegen  0.09/turn              (no ring)

@: no status effects
A: permanent stasis, dig shafts and tunnels, antennae 3, four strong arms
a: Dig, Shaft Self


You were on level 3 of the Dungeon.
You visited 1 branch of the dungeon, and saw 3 of its levels.

You collected 82 gold pieces.

Inventory:

Hand Weapons
 a - a +0 quarterstaff (weapon)
Armour
 b - a +0 scale mail (worn)
 c - a +0 kite shield (worn)
 e - a +0 cloak (worn)
Potions
 d - a potion of might
 g - a potion of heal wounds
 h - a potion of brilliance {unknown}


   Skills:
 - Level 3.2 Fighting
 * Level 4.1 Staves
 - Level 3.2 Armour
 + Level 4.7 Shields


You had 4 spell levels left.
You didn't know any spells.
Your spell library contained the following spells:

 Spells                   Type           Power      Damage    Failure   Level
 Magic Dart               Conj           0%         1d3       97%         1
 Searing Ray              Conj           0%         3d3       99%         2
 Dazzling Flash           Conj/Hex       0%         N/A       100%        3
 Fulminant Prism          Conj/Hex       0%         3d6       100%        4
 Iskenderun's Mystic Bla  Conj/Tloc      0%         2d3       100%        4


Dungeon Overview and Level Annotations

Branches:
Dungeon (3/15)

Altars:
Xom

Annotations:
D:3 Sigmund


Innate Abilities, Weirdness & Mutations

You cannot be hasted, slowed, berserked, paralysed or teleported.
You can dig through walls and to a lower floor.
You have a pair of large antennae on your head. (SInv)
Your four strong arms can wield two-handed weapons with a shield.


Message History

You are confused.
You are too confused!
You are too confused!
You closely miss Sigmund.
Sigmund is lightly wounded.
Sigmund hits you with a +0 scythe.
Sigmund's eyes start glowing with a red light.
Sigmund misses you. Sigmund closely misses you.
You're too confused to move!
Sigmund casts a spell at you. The magic dart hits you.
You feel less confused. Sigmund hits you but does no damage.
You block the orc's attack.
You closely miss Sigmund.
Sigmund is lightly wounded.
You block Sigmund's attack.
The orc hits you from afar with a +0 trident!
You block Sigmund's attack. The orc barely misses you.
You closely miss Sigmund.
Sigmund is lightly wounded.
Sigmund gestures at you while chanting.
The magic dart hits you but does no damage.
You block the orc's attack.
You closely miss Sigmund.
Sigmund is lightly wounded.
Sigmund hits you with a +0 scythe!
* * * LOW HITPOINT WARNING * * *
You block the orc's attack.
Your scale mail prevents you from hitting Sigmund.
Sigmund is lightly wounded.
Sigmund gestures at you while chanting. The magic dart hits you!
* * * LOW HITPOINT WARNING * * *
You block the orc's attack.
You hit Sigmund.
Sigmund is lightly wounded.
Sigmund gestures at you while chanting. The magic dart hits you.
You die...

..###....
..#....##
##........
#....#...
.......# #
.......####..#
...###........#
........รท<#
...####@..#
#@....#
...o.......
.......>.....
............$..
#..............
.!.............
...............


You could see Sigmund (invisible) and an orc.

Vanquished Creatures
  An orc priest (D:2)
  2 adders (D:2)
  2 worms (D:2)
  6 orcs (D:2)
  6 ball pythons
  5 endoplasms
  A giant cockroach (D:1)
  4 goblins
  5 hobgoblins
  2 kobolds
  A quokka (D:1)
  4 bats
  4 frilled lizards
  A rat (D:1)
  A bush (D:2)
45 creatures vanquished.

Vanquished Creatures (others)
  3 plants (D:2)
3 creatures vanquished.

Grand Total: 48 creatures vanquished

Notes
Turn   | Place    | Note
-------+----------+-------------------------------------------
     0 | D:1      | HoaS the Formicid Fighter began the quest for the Orb.
     0 | D:1      | Reached XP level 1. HP: 18/18 MP: 1/1
   107 | D:1      | Reached XP level 2. HP: 21/24 MP: 2/2
   562 | D:2      | Reached XP level 3. HP: 29/29 MP: 3/3
   584 | D:2      | Found a shimmering altar of Xom.
  1405 | D:2      | Reached XP level 4. HP: 30/35 MP: 4/4
  1876 | D:3      | Noticed Sigmund
  2249 | D:2      | Reached XP level 5. HP: 32/41 MP: 5/5
  2331 | D:3      | HP: 1/41 [Sigmund/magic dart (9)]
  2332 | D:3      | Killed from afar by Sigmund

Illustrated notes

Levels and vault maps discovered:
D:1:      lightli_arrival_noodles, layout_loops_ring
D:2:      layout_basic, serial_forest, infiniplex_forest_side_room,
          infiniplex_forest_end_2, infiniplex_forest_split,
          infiniplex_forest_clump_small, infiniplex_forest_clump_small,
          infiniplex_forest_lined_corner, infiniplex_forest_clump_curved,
          infiniplex_forest_straight_3, basic_altar, minmay_misc_feat_rows
D:3:      layout_rooms, trog_book, shapermc_ecumenical_altar_mp_highgroup,
          uniq_sigmund

Skill      XL: |  1  2  3  4 |
---------------+-------------+-----
Shields        | 4 |  4.7
Staves         | 3 4 |  4.1
Fighting       | |  3.2
Armour         | |  3.2

Action                   |  1- 3 |  4- 6 || total
-------------------------+-------+-------++-------
Melee: Quarterstaff      |    96 |    97 ||   193
 Abil: Dig               |     4 |       ||     4
  Use: Scroll            |     4 |     1 ||     5
Armor: Scale mail        |    44 |    16 ||    60
Dodge: Dodged            |    19 |    19 ||    38
Block: Kite shield       |    63 |    41 ||   104

Table legend: (Time is in decaauts)
 A = Elapsed time spent in this place.
 B = Non-inter-level travel time spent in this place.
 C = Inter-level travel time spent in this place.
 D = Time resting spent in this place.
 E = Time spent auto-exploring this place.
 F = Levels seen in this place.
 G = Mean time per level.
                   A        B        C        D        E       F      G
               +--------+--------+--------+--------+--------+-----+--------+
         Total |   2393 |   2344 |     49 |    677 |   1235 |   3 |  797.7 |
       Dungeon |   2393 |   2344 |     49 |    677 |   1235 |   3 |  797.7 |
               +--------+--------+--------+--------+--------+-----+--------+

Top non-repeatable levels by time:
     D:2: 1784 daAuts
     D:1: 571 daAuts
     D:3: 37 daAuts
